 Dungeon Crawl Stone Soup version 0.27.1-3-gb3d3a73c9e (webtiles) character file.

Game seed: 10402921693727824896

1244 TigerRab the Ruffian (level 8, -2/74 HPs)
             Began as a Troll Artificer on Oct 15, 2021.
             Succumbed to a redback's poison
             ... on level 6 of the Dungeon.
             The game lasted 00:24:35 (4189 turns).

TigerRab the Ruffian (Troll Artificer)              Turns: 4189, Time: 00:24:36

Health: -2/74      AC:  5    Str: 23    XL:     8   Next: 25%
Magic:  7/7        EV: 10    Int:  7    God:
Gold:   238        SH:  0    Dex: 10    Spells: 7/7 levels left

rFire    . . .     SeeInvis .     - Unarmed
rCold    . . .     Faith    .   (no shield)
rNeg     . . .     Spirit   .   b - +1 robe
rPois    .         Reflect  .   (helmet restricted)
rElec    .         Harm     .   (no cloak)
rCorr    .         Rampage  .   (gloves unavailable)
Will     .....                  (boots unavailable)
Stlth    ++........             (no amulet)
HPRegen  1.22/turn              i - ring of wizardry
MPRegen  0.10/turn              (no ring)

@: lethally poisoned (-2 -> -19)
A: large, unfitting armour, claws 3, regeneration 1, shaggy fur 1, tough skin 1
a: no special abilities


You were on level 6 of the Dungeon.
You visited 2 branches of the dungeon, and saw 7 of its levels.

You collected 238 gold pieces.

Inventory:

Hand Weapons
 j - a +2 vampiric falchion
 s - a +2 halberd of protection
Missiles
 f - 134 stones (quivered)
 q - 3 curare-tipped darts
Armour
 b - a +1 robe (worn)
Magical Staves
 g - a staff of death
Jewellery
 i - a ring of wizardry (left claw)
 r - a ring of ice
Wands
 c - a wand of flame (19)
 d - a wand of charming (15)
 n - a wand of digging (4)
Scrolls
 h - 4 scrolls of identify
 k - a scroll of immolation
 l - a scroll of enchant armour
 p - a scroll of teleportation
Potions
 m - a potion of might
 o - a potion of flight
 t - 2 potions of curing
Miscellaneous
 e - a piece from Xom's chessboard (15/15)


   Skills:
 * Level 2.8 Fighting
 * Level 3.8 Throwing
 * Level 4.1 Dodging
 * Level 1.9 Stealth
 * Level 5.8 Unarmed Combat
 - Level 2.2 Evocations


You had 7 spell levels left.
You didn't know any spells.
Your spell library contained the following spells:

 Spells                   Type           Power      Damage    Failure   Level
 Blink                    Tloc           N/A        N/A       26%         2
 Lesser Beckoning         Tloc           0%         N/A       45%         3
 Stone Arrow              Conj/Erth      0%         3d7       45%         3
 Animate Armour           Summ/Erth      0%         N/A       86%         4
 Manifold Assault         Tloc           0%         N/A       99%         5
 Lehudib's Crystal Spear  Conj/Erth      0%         10d2      100%        8


Dungeon Overview and Level Annotations

Branches:
Dungeon (6/15)             Temple (1/1) D:5

Altars:
Ashenzari
Elyvilon
Gozag
Nemelex Xobeh
Okawaru
Sif Muna
Uskayaw
Vehumet
Wu Jian
Yredelemnul
Zin
The Shining One
Lugonu

Shops:
D:2 !

Annotations:
D:6 2 runed translucent doors


Innate Abilities, Weirdness & Mutations

You are too large for most types of armour.
You have claws for hands.
Your natural rate of healing is unusually fast.
You are covered in fur. (AC +1)
You have tough skin. (AC +1)


Message History

You scratch the water moccasin. Your claw misses the water moccasin.
The water moccasin is severely wounded.
You feel very sick. The water moccasin bites you.
You closely miss the water moccasin.
The water moccasin is severely wounded.
You feel sick. The water moccasin bites you.
You are more poisoned.
The water moccasin poisons you!
A scorpion comes into view.
The water moccasin closely misses you.
You scratch the water moccasin.
The water moccasin is almost dead.
You feel very sick.
The water moccasin bites you but does no damage.
You scratch the water moccasin.
You kill the water moccasin!
You feel very sick.
You scratch the redback but do no damage.
You feel very sick. The redback bites you. The redback bites you!
You claw the redback!
The redback is moderately wounded.
You feel very sick. The redback barely misses you.
You claw the redback!
The redback is almost dead.
You feel sick.
The redback bites you but does no damage.
The redback closely misses you.
You feel sick.
You feel sick. The redback bites you!
* * * LOW HITPOINT WARNING * * *
You are lethally poisoned!
The redback poisons you!
An iguana comes into view.
* * * LOW HITPOINT WARNING * * *
You feel extremely sick.
A jelly comes into view.
You die...

##.... ... ###
#+.... ... ..#
#....S##.# #.# ..(
S#.# #.#
.yy###S###.###.#####
.yy#?(Ss.s.........#
yyy###s###s.######.#
#...ss#..# #.#
#...s.##@.# #.#
#+.... #..## #<#
##.... #..# ###
##### ...# ..
......# .....#
....l.# .....J.#


You could see 3 redbacks, 2 scorpions, an iguana (asleep) and a jelly (asleep).

Vanquished Creatures
  Sigmund (D:3)
  Eustachio (D:4)
  A water moccasin (D:6)
  Duvessa (D:5)
  2 phantoms
  Dowan (D:5)
  A wyvern zombie (D:5)
  2 hounds (D:4)
  An orc priest (D:4)
  A bullfrog skeleton (D:4)
  A jelly (D:5)
  2 iguanas
  Ijyb (D:4)
  4 orc wizards
  4 gnolls
  5 adders
  3 orcs (D:5)
  7 endoplasms
  A giant cockroach (D:2)
  9 goblins
  8 hobgoblins
  3 jackals (D:1)
  8 kobolds
  4 quokkas
  5 ball pythons
  7 bats
  2 frilled lizards
  7 rats
93 creatures vanquished.

Vanquished Creatures (others)
  2 demonic plants (Temple)
2 creatures vanquished.

Grand Total: 95 creatures vanquished

Notes
Turn   | Place    | Note
-------+----------+-------------------------------------------
     0 | D:1      | TigerRab the Troll Artificer began the quest for the Orb.
     0 | D:1      | Reached XP level 1. HP: 18/18 MP: 0/0
    96 | D:1      | Reached XP level 2. HP: 26/26 MP: 1/1
   223 | D:1      | Reached skill level 1 in Fighting
   554 | D:1      | Reached skill level 1 in Unarmed Combat
   560 | D:1      | Reached XP level 3. HP: 33/33 MP: 2/2
  1195 | D:3      | Reached skill level 2 in Unarmed Combat
  1195 | D:3      | Reached XP level 4. HP: 26/41 MP: 3/3
  1354 | D:2      | Reached skill level 1 in Throwing
  1593 | D:2      | Found Cimmal's Distillery.
  1865 | D:3      | Found a faded altar of an unknown god.
  1996 | D:3      | Noticed a phantom
  2011 | D:3      | Killed a phantom
  2012 | D:3      | Reached skill level 1 in Stealth
  2012 | D:3      | Reached XP level 5. HP: 39/48 MP: 4/4
  2072 | D:3      | Found a white marble altar of Elyvilon.
  2142 | D:3      | Noticed Sigmund
  2154 | D:3      | Killed Sigmund
  2155 | D:3      | Reached skill level 3 in Unarmed Combat
  2155 | D:3      | Reached XP level 6. HP: 33/57 MP: 5/5
  2413 | D:3      | Found an opulent altar of Gozag.
  2817 | D:4      | Found a glowing golden altar of the Shining One.
  2878 | D:4      | Noticed Eustachio
  2899 | D:4      | Killed Eustachio
  2900 | D:4      | Reached skill level 4 in Unarmed Combat
  2900 | D:4      | Reached XP level 7. HP: 46/65 MP: 6/6
  2921 | D:4      | Noticed Ijyb
  2930 | D:4      | Killed Ijyb
  2982 | D:4      | Found a shimmering blue altar of Sif Muna.
  3044 | D:4      | Found a radiant altar of Vehumet.
  3096 | D:4      | Found a sparkling altar of Nemelex Xobeh.
  3442 | D:5      | Entered Level 5 of the Dungeon
  3464 | D:5      | Noticed Duvessa
  3464 | D:5      | Noticed Dowan
  3476 | D:5      | Killed Duvessa
  3477 | D:5      | Reached skill level 5 in Unarmed Combat
  3478 | D:5      | Killed Dowan
  3557 | D:5      | Reached XP level 8. HP: 72/74 MP: 7/7
  3898 | D:5      | Found a staircase to the Ecumenical Temple.
  3905 | Temple   | Entered the Ecumenical Temple
  4166 | D:6      | Found a runed translucent gate.
  4166 | D:6      | Found a runed translucent gate.
  4166 | D:6      | Found a runed translucent gate.
  4171 | D:6      | Found a runed translucent door.
  4171 | D:6      | Found a runed translucent door.
  4188 | D:6      | HP: 3/74 [poisoned by a redback]
  4189 | D:6      | Succumbed to a redback's poison

Illustrated notes

Levels and vault maps discovered:
D:1:      dpeg_arrival_rooms_with_view, layout_loops_cross,
          chequers_serial_rivers_large_b, chequers_serial_rivers_room_a
D:2:      minmay_recursive_quarters, layout_loops_ring, serial_shops,
          shop_fountains, minmay_strange_pillars
D:3:      layout_basic, general_overflow_altar, mainiacjoe_overflow_chevrons,
          basic_ecumenical_altar, kennysheep_generic_room_15, uniq_sigmund
D:4:      layout_basic, lemuel_crystal_altar,
          mainiacjoe_overflow_concentric_impassable, nemelex_spade_bored_becter,
          mainiacjoe_overflow_tiny_flanked, kennysheep_dice, uniq_ijyb,
          uniq_eustachio
D:5:      layout_rooms, minmay_temple_entry_enclosed_plants, uniq_duvessa
D:6:      layout_basic, mainiacjoe_overflow_swirl, portal_sewer_entry_b,
          minmay_guarded_unrand_staff_of_olgreb, uniq_menkaure
Temple:   corrupted_temple

Skill      XL: |  1  2  3  4  5  6  7 |
---------------+----------------------+-----
Dodging        | 2 3 4 |  4.1
Fighting       | 1 2 |  2.8
Unarmed Combat | 1 2 3 4 5 |  5.8
Throwing       | 1 2 3 |  3.8
Stealth        | 1 |  1.9
Evocations     | |  2.2

Action                   |  1- 3 |  4- 6 |  7- 9 || total
-------------------------+-------+-------+-------++-------
Melee: Unarmed           |   110 |   104 |   108 ||   322
       Punch             |       |       |     1 ||     1
Throw: Stone             |    57 |    64 |    60 ||   181
Evoke: Wand              |       |     7 |       ||     7
       Piece from Xom's  |       |     1 |       ||     1
  Use: Scroll            |       |     5 |       ||     5
       Potion            |       |     4 |     1 ||     5
 Stab: Sleeping          |     1 |       |       ||     1
Armor: Robe              |    37 |    27 |    21 ||    85
Dodge: Dodged            |    63 |    58 |    37 ||   158
